 Dungeon Crawl Stone Soup version 0.23.2-1-ga50397a6bc (webtiles) character file.

Game seed: 16183367008478559913

217 Masnef the Charmwright (level 5, -3/43 HPs)
             Began as a Gnoll Skald on May 11, 2019.
             Killed by divine providence
             ... invoked by an orc priest
              (11 damage)
             ... on level 4 of the Dungeon.
             The game lasted 00:06:07 (3254 turns).

Masnef the Charmwright (Gnoll Skald)                Turns: 3254, Time: 00:06:08

Health: -3/43      AC:  3    Str: 13    XL:     5   Next: 94%
Magic:  4/12       EV: 14    Int: 16    God:
Gold:   154        SH:  0    Dex: 15    Spells: 5/14 levels left

rFire    . . .     SeeInvis .   i - +2 hand axe of Harriot {chop, +Fly rC+}
rCold    + . .     Gourm    .   (no shield)
rNeg     . . .     Faith    .   b - +0 leather armour
rPois    .         Spirit   .   (no helmet)
rElec    .         Reflect  .   (no cloak)
rCorr    .         Harm     .   (no gloves)
MR       .....                  (no boots)
Stlth    ++........             (no amulet)
HPRegen  0.14/turn              (no ring)
MPRegen  0.13/turn              (no ring)

@: infused, very slightly contaminated
A: distributed training, fangs 1, strong nose
a: Evoke Flight


You were on level 4 of the Dungeon.
You were not hungry.

You visited 1 branch of the dungeon, and saw 4 of its levels.

You collected 154 gold pieces.

Inventory:

Hand Weapons
 a - a +1 spear
 i - the +2 hand axe of Harriot (weapon) {chop, +Fly rC+}
   (You found it on level 4 of the Dungeon)

   It inflicts extra damage upon your enemies.
   It protects you from cold.
   It lets you fly.
 o - a +0 flail
 q - a +0 dagger of draining
Missiles
 e - 39 bolts
 p - 48 arrows
Armour
 b - a +0 leather armour (worn)
Jewellery
 h - an uncursed ring of attention
Scrolls
 l - a scroll of magic mapping {unknown}
 n - 3 scrolls of enchant armour {unknown}
Potions
 c - 2 potions of degeneration {unknown}
 f - 2 potions of heal wounds
 g - 5 potions of curing {unknown}
 j - a potion of cancellation {unknown}
 m - a potion of lignification {unknown}
Comestibles
 d - 10 rations


   Skills:
 + Level 4.8 Fighting
 + Level 1.6 Short Blades
 + Level 1.6 Long Blades
 + Level 1.6 Axes
 + Level 1.6 Maces & Flails
 + Level 4.8 Polearms
 + Level 1.6 Staves
 + Level 1.6 Slings
 + Level 1.6 Bows
 + Level 1.6 Crossbows
 + Level 1.6 Throwing
 + Level 3.1 Armour
 + Level 4.8 Dodging
 + Level 1.6 Stealth
 + Level 1.6 Shields
 + Level 1.6 Unarmed Combat
 + Level 5.2 Spellcasting
 + Level 1.3 Conjurations
 + Level 1.3 Hexes
 + Level 5.6 Charms
 + Level 1.3 Summonings
 + Level 1.3 Necromancy
 + Level 1.3 Translocations
 + Level 1.3 Transmutations
 + Level 1.3 Fire Magic
 + Level 1.3 Ice Magic
 + Level 1.3 Air Magic
 + Level 1.3 Earth Magic
 + Level 1.3 Poison Magic
 + Level 1.9 Invocations
 + Level 1.6 Evocations


You had 5 spell levels left.
You knew the following spells:

 Your Spells              Type           Power        Failure   Level  Hunger
a - Infusion              Chrm           ###.         1%          1    None
b - Shroud of Golubria    Chrm/Tloc      ###.......   7%          2    #......
c - Regeneration          Chrm/Necr      ###.......   14%         3    ###....
d - Spectral Weapon       Hex/Chrm       ###.....     14%         3    ###....

Your spell library contained the following spells:

 Spells                   Type           Power        Failure   Level  Hunger
 Song of Slaying          Chrm           ###.....     2%          2    #......


Dungeon Overview and Level Annotations

Branches:
Dungeon (4/15)
 Temple: D:4-7

Altars:
Cheibriados
Elyvilon


Innate Abilities, Weirdness & Mutations

Your experience applies equally to all skills.
You have very sharp teeth.
Your uncanny sense of smell can sniff out nearby items.


Message History

The orc wizard hits you with a +0 dagger of electrocution.
You are electrocuted!!
* * * LOW HITPOINT WARNING * * *
You feel much better.
The orc wizard hits you but does no damage.
The orc misses you.
The orc wizard hits you with a +0 dagger of electrocution.
You are electrocuted!
* * * LOW HITPOINT WARNING * * *
The orc priest closely misses you.
You closely miss the orc wizard.
The orc wizard is moderately wounded.
You barely miss the orc. You barely miss the orc wizard.
You barely miss the orc priest.
The orc wizard hits you but does no damage.
The orc hits you with a +0 whip.
* * * LOW HITPOINT WARNING * * *
The orc priest calls down the wrath of Beogh upon you.
Beogh smites you!
You die...

##.......######..........#
.........# ##.....>...#
##.......# #.........#
#.......# #.........#
#.......# ###..^......#
#.......# #...........#
######### #.....[.....#
#.o.$.......#
#.o@######### #.....oo#
#.......# #.......#
#####...# #...# #...#
#####


You could see an orc priest, 2 orc wizards and an orc.

Vanquished Creatures
  An orc priest (D:3)
  2 orc wizards
  2 adders (D:2)
  An ooze (D:2)
  A worm (D:2)
  3 dart slugs
  5 leopard geckos
  9 orcs (D:3)
  6 bats
  10 giant cockroaches
  9 goblins
  7 hobgoblins
  7 jackals
  6 kobolds
  11 frilled lizards
  6 rats
86 creatures vanquished.

Vanquished Creatures (others)
  A quokka (D:2)
1 creature vanquished.

Grand Total: 87 creatures vanquished

Notes
Turn   | Place    | Note
-------+----------+-------------------------------------------
     0 | D:1      | Masnef the Gnoll Skald began the quest for the Orb.
     0 | D:1      | Reached XP level 1. HP: 20/20 MP: 6/6
   106 | D:1      | Reached XP level 2. HP: 18/26 MP: 7/7
   343 | D:1      | Learned a level 2 spell: Shroud of Golubria
   407 | D:1      | Reached XP level 3. HP: 31/31 MP: 9/9
   462 | D:1      | Reached skill level 5 in Spellcasting
   769 | D:1      | Reached skill level 1 in Invocations
  1227 | D:2      | Reached skill level 1 in Short Blades
  1227 | D:2      | Reached skill level 1 in Long Blades
  1227 | D:2      | Reached skill level 1 in Axes
  1227 | D:2      | Reached skill level 1 in Maces & Flails
  1227 | D:2      | Reached skill level 1 in Staves
  1227 | D:2      | Reached skill level 1 in Slings
  1227 | D:2      | Reached skill level 1 in Bows
  1227 | D:2      | Reached skill level 1 in Crossbows
  1227 | D:2      | Reached skill level 1 in Throwing
  1227 | D:2      | Reached skill level 1 in Stealth
  1227 | D:2      | Reached skill level 1 in Shields
  1227 | D:2      | Reached skill level 1 in Unarmed Combat
  1227 | D:2      | Reached skill level 1 in Evocations
  1227 | D:2      | Reached XP level 4. HP: 37/38 MP: 8/11
  1552 | D:2      | Learned a level 3 spell: Regeneration
  1556 | D:2      | Learned a level 3 spell: Spectral Weapon
  1753 | D:2      | Found a white marble altar of Elyvilon.
  2161 | D:3      | Reached skill level 1 in Conjurations
  2161 | D:3      | Reached skill level 1 in Hexes
  2161 | D:3      | Reached skill level 1 in Summonings
  2161 | D:3      | Reached skill level 1 in Necromancy
  2161 | D:3      | Reached skill level 1 in Translocations
  2161 | D:3      | Reached skill level 1 in Transmutations
  2161 | D:3      | Reached skill level 1 in Fire Magic
  2161 | D:3      | Reached skill level 1 in Ice Magic
  2161 | D:3      | Reached skill level 1 in Air Magic
  2161 | D:3      | Reached skill level 1 in Earth Magic
  2161 | D:3      | Reached skill level 1 in Poison Magic
  2472 | D:3      | Found a snail-covered altar of Cheibriados.
  2568 | D:3      | Reached XP level 5. HP: 40/43 MP: 6/12
  3211 | D:4      | Got an encrusted hand axe
  3212 | D:4      | Identified the +2 hand axe of Harriot {chop, +Fly rC+} (You
                  | found it on level 4 of the Dungeon)
  3254 | D:4      | Killed from afar by an orc priest

Skill      XL: |  1  2  3  4  5 |
---------------+----------------+-----
Spellcasting   | 5 |  5.2
Invocations    | 1 |  1.9
Short Blades   | 1 |  1.6
Long Blades    | 1 |  1.6
Axes           | 1 |  1.6
Maces & Flails | 1 |  1.6
Staves         | 1 |  1.6
Slings         | 1 |  1.6
Bows           | 1 |  1.6
Crossbows      | 1 |  1.6
Throwing       | 1 |  1.6
Stealth        | 1 |  1.6
Shields        | 1 |  1.6
Unarmed Combat | 1 |  1.6
Evocations     | 1 |  1.6
Conjurations   | 1 |  1.3
Hexes          | 1 |  1.3
Summonings     | 1 |  1.3
Necromancy     | 1 |  1.3
Translocations | 1 |  1.3
Transmutations | 1 |  1.3
Fire Magic     | 1 |  1.3
Ice Magic      | 1 |  1.3
Air Magic      | 1 |  1.3
Earth Magic    | 1 |  1.3
Poison Magic   | 1 |  1.3
Armour         | 3 |  3.1
Fighting       | |  4.8
Polearms       | |  4.8
Dodging        | |  4.8
Charms         | |  5.6

Action                   |  1- 3 |  4- 6 || total
-------------------------+-------+-------++-------
Melee: Spear             |   162 |   111 ||   273
       Bite              |    11 |    15 ||    26
       Flail             |       |    11 ||    11
       Dagger            |       |    27 ||    27
       Hand axe          |       |     8 ||     8
       Punch             |       |     1 ||     1
 Cast: Infusion          |     1 |     5 ||     6
       Shroud of Golubri |       |     2 ||     2
  Use: Scroll            |     3 |     2 ||     5
       Potion            |       |     2 ||     2
 Stab: Sleeping          |       |     1 ||     1
  Eat: Chunk             |     1 |     6 ||     7
       Ration            |       |     1 ||     1
Armor: Leather armour    |    22 |    36 ||    58
Dodge: Dodged            |    73 |   158 ||   231
